 Dungeon Crawl Stone Soup version 0.20-a0-9-g62d82d9 (webtiles) character file.

2079 nubinia the Thaumaturge (level 9, -1/42 HPs)
             Began as a Spriggan Venom Mage on Nov 1, 2016.
             Was a Believer of Sif Muna.
             Slain by an ogre
             ... wielding a +0 giant club
              (22 damage)
             ... on level 8 of the Dungeon.
             The game lasted 00:39:24 (8676 turns).

nubinia the Thaumaturge (Spriggan Venom Mage)       Turns: 8676, Time: 00:39:24

Health: -1/42      AC:  4    Str:  4    XL:     9   Next: 6%
Magic:  20/23      EV: 20    Int: 19    God:    Sif Muna [**....]
Gold:   294        SH:  0    Dex: 17    Spells: 3 memorised, 18 levels left

rFire  . . .     SeeInvis +     i - +1 dagger
rCold  . . .     Gourm    .     a - +1 robe
rNeg   . . .     Faith    .     (shield restricted)
rPois  +         Spirit   .     (helmet restricted)
rElec  .         Reflect  .     H - +0 cloak
rCorr  .         Harm     .     (gloves unavailable)
MR     +....                    (boots unavailable)
Stlth  +++++.....               (no amulet)
                                t - ring of stealth
                                h - ring of poison resistance

@: divine energy, very quick
A: unfitting armour, see invisible, herbivore 3, speed 3, slow metabolism 2
a: Stop Divine Energy, Renounce Religion


You were on level 8 of the Dungeon.
You worshipped Sif Muna.
Sif Muna was pleased with you.
You were not hungry.

You visited 2 branches of the dungeon, and saw 9 of its levels.

You collected 415 gold pieces.
You spent 121 gold pieces at shops.

Inventory:

Hand Weapons
 i - a +1 dagger (weapon)
 G - a +3 quarterstaff of chaos
Missiles
 f - 294 stones (quivered)
 p - 26 poisoned needles
 u - 6 needles of confusion
 y - 6 needles of frenzy
Armour
 a - a +1 robe (worn)
 H - a +0 cloak (worn)
Jewellery
 h - a ring of poison resistance (left hand)
 t - a ring of stealth (right hand)
Wands
 z - a wand of random effects (21/48)
 E - a wand of random effects (31/48)
 F - a wand of polymorph (17/24)
 J - a wand of iceblast (14/15)
 L - a wand of lightning (11/15)
Scrolls
 d - 5 scrolls of teleportation
 g - 2 scrolls of remove curse
 j - 2 scrolls of enchant armour
 q - a scroll of enchant weapon
 v - a scroll of amnesia
 w - 2 scrolls of magic mapping {unknown}
 x - 2 scrolls of blinking
 A - a scroll of fog
 M - a scroll of identify
Potions
 e - 2 potions of degeneration
 k - a potion of lignification
 l - 4 potions of berserk rage
 m - a potion of curing
 n - a potion of resistance
 o - a potion of agility
 s - a potion of heal wounds
 B - a potion of flight
 C - a potion of invisibility
 K - a potion of might {unknown}
Books
 b - a Young Poisoner's Handbook

   Spells                             Type                      Level
   a - Sting                          Conjuration/Poison           1
   b - Mephitic Cloud                 Conjuration/Poison/Air       3
   c - Olgreb's Toxic Radiance        Poison                       4
   d - Alistair's Intoxication        Transmutation/Poison         5
   e - Venom Bolt                     Conjuration/Poison           5
Comestibles
 c - 5 bread rations


   Skills:
 + Level 1.7 Fighting
 + Level 2.2 Short Blades
 - Level 0.4 Staves
 + Level 0.6 Throwing
 + Level 5.1 Dodging
 + Level 8.1 Stealth
 * Level 9.0 Spellcasting
 + Level 2.5 Conjurations
 + Level 1.0 Air Magic
 + Level 6.6 Poison Magic


You had 18 spell levels left.
You knew the following spells:

 Your Spells              Type           Power        Failure   Level  Hunger
a - Sting                 Conj/Pois      ####         1%          1    None
b - Olgreb's Toxic Radia  Pois           ####....     8%          4    ###....
c - Mephitic Cloud        Conj/Pois/Air  ###.....     8%          3    None


Dungeon Overview and Level Annotations

Branches:
Dungeon (8/15)             Temple (1/1) D:6
   Lair: D:8-11

Altars:
Ashenzari
Cheibriados
Dithmenos
Elyvilon
Fedhas
Gozag
Hepliaklqana
Kikubaaqudgha
Makhleb
Nemelex Xobeh
Okawaru
Qazlal
Ru
Sif Muna
Trog
Uskayaw
Vehumet
Xom
Yredelemnul
Zin
The Shining One

Shops:
D:3 *   D:5 }*   D:7 [

Annotations:
D:5 CcS's ghost, amateur DESu
D:8 Gastronok


Innate Abilities, Weirdness & Mutations

You are very small and have problems with some larger weapons.
You are too small for most types of armour.
You have supernaturally acute eyesight. (SInv)
You are a herbivore.
You cover ground extremely quickly.
You need consume almost no food.


Message History

The jackal bites your leopard gecko but does no damage.
Your hound barely misses the jackal.
A jackal comes into view.
There is a stone staircase leading up here.
You hit the ogre but do no damage.
The ogre is lightly wounded.
The jackal barely misses your leopard gecko.
Your leopard gecko barely misses the jackal.
Your hound barely misses the jackal.
The ogre hits your hound with a giant club!!
Your hound is killed!
Your hound's corpse dissolves into shadows!
Gastronok waves his eye-stalks in wide circles.
The air twists around and strikes you!
The jackal closely misses your leopard gecko.
Your leopard gecko barely misses the jackal.
The jackal closely misses your leopard gecko.
The ogre hits you with a giant club!!
Ouch! That really hurt!
You die...

#######
#.....#####
#......... .
#.#.#.#.##.#
######.#.#.......
#.....@Olhwh....#
#.##.#..§#..>....
#.#.§.....#.##
#....†..§....#
##...............
###.#.......#.##
#.#.#.......?.
#.#.#.....#.#. .
..###.#.#.#


You could see Gastronok, an ogre (confused), 2 jackals and a friendly leopard
gecko.

Vanquished Creatures
  Prince Ribbit (D:7)
  A hippogriff (D:6)
  Duvessa (D:4)
  A black bear (D:7)
  A big kobold (D:6)
  5 bullfrogs
  3 scorpions
  Dowan (D:4)
  5 killer bees
  A howler monkey (D:4)
  3 hounds
  An orc priest (D:7)
  Crazy Yiuf (D:5)
  A bullfrog skeleton (D:5)
  3 orc wizards
  Natasha (thrice) (D:4)
  5 worker ants
  A killer bee zombie (D:6)
  A hound zombie (D:7)
  A howler monkey skeleton (D:7)
  8 adders
  2 shadow imps
  An adder skeleton (D:6)
  3 worms
  4 dart slugs
  2 leopard geckos
  9 orcs
  7 bats
  5 giant cockroaches
  5 goblins
  8 hobgoblins
  6 jackals
  10 kobolds
  4 quokkas
  2 ball pythons
  4 frilled lizards
  8 rats
128 creatures vanquished.

Notes
Turn   | Place    | Note
-------+----------+-------------------------------------------
     0 | D:1      | nubinia the Spriggan Venom Mage began the quest for the Orb.
     0 | D:1      | Reached XP level 1. HP: 9/9 MP: 5/5
   284 | D:1      | Reached XP level 2. HP: 13/13 MP: 6/6
  1233 | D:1      | Reached XP level 3. HP: 15/16 MP: 1/8
  1238 | D:1      | Learned a level 3 spell: Mephitic Cloud
  1635 | D:2      | Reached skill level 3 in Spellcasting
  2464 | D:3      | Reached skill level 5 in Poison Magic
  2464 | D:3      | Reached XP level 4. HP: 3/21 MP: 6/9
  2723 | D:3      | Learned a level 4 spell: Olgreb's Toxic Radiance
  2732 | D:3      | Found a deep blue altar of Sif Muna.
  2740 | D:3      | Became a worshipper of Sif Muna the Loreminder
  3070 | D:3      | Found an opulent altar of Gozag.
  3073 | D:3      | Found Gozag's Platinum Reserve.
  3541 | D:4      | Noticed Natasha
  3597 | D:4      | Killed Natasha
  3597 | D:4      | Reached skill level 4 in Spellcasting
  3597 | D:4      | Reached XP level 5. HP: 25/25 MP: 7/12
  3638 | D:4      | Noticed Natasha
  3651 | D:4      | Killed Natasha
  3728 | D:4      | Noticed Dowan
  3731 | D:4      | Noticed Duvessa
  3740 | D:4      | Killed Dowan
  3740 | D:4      | Reached skill level 5 in Spellcasting
  3740 | D:4      | Reached skill level 1 in Conjurations
  3764 | D:4      | Noticed a phantom
  3899 | D:4      | Killed Duvessa
  3899 | D:4      | Reached * piety under Sif Muna
  3899 | D:4      | Reached XP level 6. HP: 26/29 MP: 1/15
  4022 | D:4      | Found a blossoming altar of Fedhas.
  4363 | D:4      | Noticed Natasha
  4368 | D:4      | Killed Natasha
  4514 | D:4      | Reached skill level 5 in Stealth
  4898 | D:5      | Entered Level 5 of the Dungeon
  4900 | D:5      | Reached skill level 6 in Spellcasting
  5060 | D:5      | Reached XP level 7. HP: 13/32 MP: 17/17
  5336 | D:5      | Found Kuidghal's Distillery.
  5415 | D:5      | Found Vitatol's General Store.
  5421 | D:5      | Bought a potion of invisibility for 88 gold pieces
  5421 | D:5      | Bought a scroll of remove curse for 33 gold pieces
  5746 | D:5      | Found Seusyk's Gadget Emporium.
  5845 | D:5      | Reached skill level 1 in Short Blades
  6052 | D:5      | Noticed CcS's ghost (amateur DESu)
  6111 | D:6      | Found a staircase to the Ecumenical Temple.
  6128 | Temple   | Entered the Ecumenical Temple
  6633 | D:6      | Reached skill level 1 in Fighting
  6707 | D:6      | Noticed a hippogriff
  6720 | D:6      | Killed a hippogriff
  6720 | D:6      | Reached ** piety under Sif Muna
  6720 | D:6      | Reached skill level 7 in Spellcasting
  6967 | D:6      | Reached XP level 8. HP: 35/37 MP: 16/20
  7109 | D:6      | Found a shadowy altar of Dithmenos.
  7405 | D:5      | Found a runed door.
  7409 | D:5      | Noticed Crazy Yiuf
  7413 | D:5      | Killed Crazy Yiuf
  7692 | D:7      | Reached skill level 8 in Spellcasting
  7702 | D:7      | Noticed Prince Ribbit
  8014 | D:7      | Killed Prince Ribbit
  8119 | D:7      | Noticed a cyclops
  8169 | D:7      | Found an iron altar of Okawaru.
  8186 | D:7      | Reached skill level 5 in Dodging
  8390 | D:7      | Reached skill level 1 in Air Magic
  8390 | D:7      | Reached XP level 9. HP: 42/42 MP: 17/22
  8431 | D:7      | Found Udou's Armour Boutique.
  8457 | D:7      | Found an ancient bone altar of Kikubaaqudgha.
  8649 | D:8      | Noticed Gastronok
  8650 | D:8      | Reached skill level 9 in Spellcasting
  8676 | D:8      | Slain by an ogre

Vault maps used:
D:1:      moated_graveyard_arrival
D:3:      tgw_sif, nicolae_gozag_zags_fifth_avenue
D:4:      kennysheep_little_box, uniq_duvessa, uniq_natasha
D:5:      first_bread, serial_shops, nicolae_shop_waterfront, shop, shop,
          uniq_crazy_yiuf_cottage
D:6:      st_stairs_7, grunt_dithmenos_shadows
D:7:      lemuel_doored_altar, serial_shops, nicolae_shop_waterfront,
          okawaru_gym_becter, uniq_prince_ribbit1
D:8:      nicolae_ossuary_entry_giza, uniq_psyche, uniq_gastronok
Temple:   dpeg_five_rooms_temple

Skill      XL: |  1  2  3  4  5  6  7  8  9 |
---------------+----------------------------+-----
Spellcasting   | 3 4 5 6 7 8 9 |  9.0
Poison Magic   | 5 6 |  6.6
Stealth        | 4 5 6 7 8 |  8.1
Conjurations   | 1 2 |  2.5
Short Blades   | 1 2 |  2.2
Fighting       | 1 |  1.7
Dodging        | 5 |  5.1
Air Magic      | 1 |  1.0
Staves         | |  0.4
Throwing       | |  0.6

Action                   |  1- 3 |  4- 6 |  7- 9 || total
-------------------------+-------+-------+-------++-------
Melee: Dagger            |    61 |    54 |    92 ||   207
       Quarterstaff      |       |       |    69 ||    69
Throw: Stone             |       |       |     6 ||     6
 Cast: Sting             |    72 |    66 |    56 ||   194
       Mephitic Cloud    |       |     5 |    20 ||    25
       Olgreb's Toxic Ra |       |     1 |     5 ||     6
Invok: Divine Energy     |       |     1 |       ||     1
  Use: Scroll            |     3 |     3 |    12 ||    18
       Potion            |       |       |     1 ||     1
 Stab: Sleeping          |     8 |     5 |    10 ||    23
       Confused          |       |     6 |     9 ||    15
  Eat: Royal jelly       |       |     1 |       ||     1
       Bread ration      |       |       |     1 ||     1
Armor: Robe              |     5 |     4 |    26 ||    35
Dodge: Dodged            |    61 |    29 |   140 ||   230
